 Dungeon Crawl Stone Soup version 0.30.1-4-g462c640d31 (webtiles) character file.

Game seed: 14043108146608267455

21 hawla the Firebug (level 3, -2/26 HPs)
             Began as a Meteoran Fire Elementalist on Aug 22, 2023.
             Slain by a hound zombie (3 damage)
             ... on level 3 of the Dungeon.
             The game lasted 00:02:07 (248 turns).

hawla the Firebug (Meteoran Fire Elementalist)       Turns: 248, Time: 00:02:07

Health: -2/26      AC:  2    Str:  9    XL:     3   Next: 17%
Magic:  4/8        EV: 12    Int: 18    God:
Gold:   44         SH:  0    Dex: 15    Spells: 5/8 levels left

rFire   . . .        (no weapon)
rCold   . . .        (no shield)
rNeg    . . .        a - +0 robe
rPois   .            (no helmet)
rElec   .            (no cloak)
rCorr   .            (no gloves)
SInv    .            (no boots)
Will    .....        (no amulet)
Stlth   +            (no ring)
HPRegen 0.24/turn    (no ring)
MPRegen 0.11/turn

%: no passive effects
@: hasted, glowing, very quick
A: sense surroundings 1, otherworldly, glowing, explore regen
a: no special abilities


You were on level 3 of the Dungeon.
You visited 1 branch of the dungeon, and saw 3 of its levels.

You collected 44 gold pieces.

Inventory:

Armour
 a - a +0 robe (worn)
Scrolls
 c - a scroll of brand weapon {unknown}
 e - a scroll of enchant armour {unknown}
 h - a scroll of poison {unknown}
 i - a scroll of identify {unknown}
Potions
 g - a potion of berserk rage {unknown}


   Skills:
 + Level 2.6 Dodging
 - Level 1.4 Stealth
 + Level 3.1 Spellcasting
 + Level 1.3 Conjurations
 + Level 4.4 Fire Magic


You had 5 spell levels left.
You knew the following spells:

 Your Spells              Type           Power      Damage    Failure   Level
a - Foxfire               Conj/Fire      52%        2x1d6     4%          1
b - Scorch                Fire           36%        2d6       4%          2

Your spell library contained the following spells:

 Spells                   Type           Power      Damage    Failure   Level
 Inner Flame              Hex/Fire       10%        N/A       21%         3
 Volatile Blastmotes      Fire/Tloc      20%        2d11      21%         3
 Flame Wave               Conj/Fire      13%        2d6       43%         4


Dungeon Overview and Level Annotations

Branches:
Dungeon (3/15) Zot: 1550

Altars:
Trog


Innate Abilities, Weirdness & Mutations

You passively map a small area around you.
You are easily found by Zot.
You glow in the dark.
You regain HP and MP as you explore.


Message History

Casting: Foxfire (safe; 4% risk of failure)
Confirm with . or Enter, or press ? or * to list all spells.
You conjure some foxfire!
The hound zombie bites you.
Casting: Foxfire (safe; 4% risk of failure)
Confirm with . or Enter, or press ? or * to list all spells.
Flames lash the hound zombie.
The hound zombie is severely damaged.
The hound zombie's fire resistance burns away.
The foxfire hits the hound zombie.
The hound zombie is severely damaged.
The foxfire hits the hound zombie.
The hound zombie is severely damaged.
The hound zombie bites you.
* * * LOW HITPOINT WARNING * * *
The hound zombie closely misses you. The hound zombie bites you.
* * * LOW HITPOINT WARNING * * *
The hound zombie barely misses you.
The hound zombie attacks as you move away!
The hound zombie bites you.
* * * LOW HITPOINT WARNING * * *
The hound zombie barely misses you.
The hound zombie attacks as you move away!
The hound zombie bites you but does no damage.
A goblin comes into view. It is wielding a +0 dagger of pain.
Found 16 gold pieces.
The goblin shouts!
The hound zombie attacks as you move away!
The hound zombie barely misses you.
The hound zombie attacks as you move away!
The hound zombie bites you.
* * * LOW HITPOINT WARNING * * *
Found a scroll labelled HUMINT MEIGGOEMERU.
The hound zombie bites you.
* * * LOW HITPOINT WARNING * * *
It was a potion of haste.
You feel yourself speed up.
An orc comes into view. It is wielding a +0 whip.
The hound zombie bites you.
* * * LOW HITPOINT WARNING * * *
The hound zombie bites you.
You die...

#..## , ........?...#
#####........ * ,
#...#........ * #.
#._.#.$......
#.,#...#........ * ,
#..#.<.#...g...., ,. ,
#..#...#........, *,[
##..#####@.....^.,* *.P
, #...o...ZZ..[....
#####.. ,
#.##....Z##.....#*
#...... * *
##.##############..<...
* **,*
#.###.............P...
#.....##########....~~
* ####### #...~~~
#...~~~ #.....~


You could see an orc (wandering), 3 hound zombies and a goblin.

Vanquished Creatures
  An adder (D:2)
  A bat (D:2)
  2 endoplasms
  A giant cockroach (D:2)
  A hobgoblin (D:1)
  A kobold (D:1)
  A quokka (D:2)
  A giant cockroach zombie (D:3)
  A quokka skeleton (D:3)
10 creatures vanquished.

Vanquished Creatures (collateral kills)
  2 foxfires (D:3)
2 creatures vanquished.

Vanquished Creatures (others)
  32 foxfires
32 creatures vanquished.

Grand Total: 44 creatures vanquished

Notes
Turn   | Place    | Note
-------+----------+-------------------------------------------
     0 | D:1      | hawla the Meteoran Fire Elementalist began the quest for
                  | the Orb.
     0 | D:1      | Reached XP level 1. HP: 14/14 MP: 5/5
    75 | D:2      | Reached skill level 4 in Fire Magic
    75 | D:2      | Reached XP level 2. HP: 19/20 MP: 2/6
    78 | D:2      | Learned a level 2 spell: Scorch
    98 | D:2      | Reached XP level 3. HP: 21/26 MP: 2/8
   102 | D:3      | Found a faded altar of an unknown god.
   148 | D:2      | Found a bloodstained altar of Trog.
   248 | D:3      | HP: 1/26 [hound zombie (2)]
   248 | D:3      | Slain by a hound zombie

Illustrated notes

Levels and vault maps discovered:
D:1:      nicolae_arrival_washed_ashore, layout_rooms,
          dreamdust_princess_corridor, chequers_serial_rivers_micro_a
D:2:      layout_rooms, basic_altar, serial_forest,
          infiniplex_forest_straight_2, infiniplex_forest_straight_2,
          infiniplex_forest_lined_3, infiniplex_forest_end_2,
          infiniplex_forest_clump_double, infiniplex_forest_lined_room_2
D:3:      layout_rooms, lemuel_doored_altar, overflow_temple_1_default,
          nicolae_overflow_ecumenical_swirl, nicolae_ecumenical_oubliette,
          serial_undead, serial_undead_f, serial_undead_b, serial_undead_b,
          serial_undead_e, serial_undead_c, serial_undead_f, serial_undead_e,
          uniq_grinder

Skill      XL: |  1  2 |
---------------+-------+-----
Fire Magic     | 4 |  4.4
Spellcasting   | 3 |  3.1
Dodging        | |  2.6
Stealth        | |  1.4
Conjurations   | |  1.3

Action                     || total
---------------------------++-------
  Melee: Unarmed           ||     1
   Cast: Foxfire           ||    19
         Scorch            ||     3
    Use: Potion            ||     3
 Armour: Robe              ||     3
  Dodge: Dodged            ||    17
